Map: Orbital Shipyard

Players

Daggoth - Winner!

  • Race: Zerg Zerg
  • League: Diamond

anfree

  • Race: Zerg Zerg
  • League: Grandmaster

VOD

Have the link to the VOD?

Description

Time

  • Played on: Sept. 28, 2015, 5:58 a.m.
  • Length: 3:37
Show
View Real Time Build Order
Export as new Build Order

Daggoth Zerg - Winner!

Build Orders: 3 Hatch before Pool 

Get SALT Encoding   

  12  0:01  Drone  
  13  0:07  Drone  
  13  0:15  Drone, Extractor  
  13  0:37  Hatchery  
  13  0:42  Drone, Extractor  
  13  1:03  Hatchery  
  13  1:08  Drone, Extractor  
  13  1:14  Overlord  
  13  1:28  Spawning Pool  
  13  1:32  Drone  
  13  1:35  Drone  
  13  1:38  Drone  
  13  1:42  Drone  
  13  1:49  Drone  
  13  1:54  Drone  
  13  2:15  Queen x3  
  13  2:18  Drone  
  13  2:20  Drone  
  13  2:23  Drone  
  13  2:28  Overlord  
  13  2:31  Drone  
  13  2:33  Drone  
  13  2:35  Drone  
  13  2:38  Drone  
  13  2:40  Drone  
  13  2:46  Drone x3  
  13  2:48  Drone  
  13  2:51  Drone  
  13  2:55  Drone  
  13  2:57  Overlord  
  13  3:00  Overlord  
  13  3:03  Drone  
  13  3:08  Drone  
  13  3:15  Drone x2  
  13  3:18  Drone  
  13  3:19  Drone  
  13  3:22  Drone x3  
  13  3:23  Drone x3  
  13  3:24  Drone x2  
Show
View Real Time Build Order
Export as new Build Order

anfree Zerg 

Build Orders:  

Get SALT Encoding   

  12  0:01  Drone  
Tags
 
Add a new tag
Caveats
  • Supply blocks, unpowered buildings, or Contaminate may cause inaccurate times.
  • Supply counts are checked every 10 seconds.